 Dungeon Crawl Stone Soup version 0.29.1-15-g9cfb28693d (webtiles) character file.

Game seed: 8890031224924820984

67 ImHallYall the Trooper (level 3, -4/26 HPs)
             Began as a Demonspawn Fighter on Sept 22, 2022.
             Was a Follower of Hepliaklqana.
             Slain by a gnoll
             ... wielding a +0 flail
              (8 damage)
             ... on level 2 of the Dungeon on Apr 21, 2023.
             The game lasted 00:06:22 (2094 turns).

ImHallYall the Trooper (Demonspawn Fighter)         Turns: 2094, Time: 00:06:23

Health: -4/26      AC:  6    Str: 18    XL:     3   Next: 98%
Magic:  3/3        EV:  9    Int:  9    God:    Hepliaklqana [*.....]
Gold:   137        SH:  4    Dex: 12    Spells: 2/2 levels left

rFire   . . .      SeeInvis .   a - +0 long sword
rCold   . . .      Faith    .   c - +0 buckler
rNeg    . . .      Spirit   .   b - +0 scale mail
rPois   .          Reflect  .   (helmet restricted)
rElec   .          Harm     .   (no cloak)
rCorr   .          Rampage  .   (no gloves)
Will    +....                   (no boots)
Stlth   ..........              (no amulet)
HPRegen 0.08/turn               j - ring of willpower
MPRegen 0.08/turn               (no ring)

@: about to teleport
A: reduced essence, horns 2
a: Renounce Religion, Recall Ancestor, Ancestor Identity


You were on level 2 of the Dungeon.
You worshipped Hepliaklqana.
Hepliaklqana was aware of your devotion.
You visited 1 branch of the dungeon, and saw 2 of its levels.

You collected 137 gold pieces.

Inventory:

Hand Weapons
 a - a +0 long sword (weapon)
Missiles
 g - 12 poisoned darts (quivered)
Armour
 b - a +0 scale mail (worn)
 c - a +0 buckler (worn)
Jewellery
 j - a ring of willpower (left hand)
Scrolls
 e - a scroll of teleportation
 f - a scroll of brand weapon {unknown}
 h - a scroll of identify {unknown}
 k - 2 scrolls of poison {unknown}
 n - a scroll of fog {unknown}
 p - a scroll of torment {unknown}
 r - a scroll of enchant weapon {unknown}
 s - a scroll of fear {unknown}
Potions
 d - a potion of might
 i - 2 potions of cancellation {unknown}
 l - a potion of heal wounds {unknown}
 m - a potion of flight {unknown}
 o - a potion of berserk rage {unknown}
 q - a potion of attraction {unknown}


   Skills:
 + Level 3.3 Fighting
 + Level 2.5 Long Blades
 + Level 3.3 Armour
 + Level 0.9 Dodging
 + Level 2.9 Shields


You had 2 spell levels left.
You didn't know any spells.
Your spell library was empty.

Dungeon Overview and Level Annotations

Branches:
Dungeon (2/15)

Altars:
Hepliaklqana


Innate Abilities, Weirdness & Mutations

Your life essence is reduced to manifest your ancestor. (-10% HP)
You have a pair of horns on your head.


Message History

There is a stone staircase leading up here.
You see here a +0 dagger.
There is a stone staircase leading down here.
s - a scroll labelled PUECSITIAS
Found a stone staircase leading up.
You swap places.
Found a stone staircase leading down.
You swap places. 2 gnolls come into view.
The gnoll shouts! x2
There is a stone staircase leading down here.
A gnoll comes into view. It is wielding a +0 club.
The gnoll shouts!
You slash the gnoll! Your headbutt misses the gnoll.
The gnoll is severely wounded.
The gnoll hits you with a +0 flail. You block the gnoll's attack.
You barely miss the gnoll.
The gnoll is severely wounded.
The gnoll barely misses you.
You barely miss the gnoll.
The gnoll is severely wounded.
The gnoll barely misses you. You block the gnoll's attack.
You slash the gnoll!
You kill the gnoll!
The gnoll throws a throwing net.
The throwing net hits you.
You become entangled in the net!
You struggle against the net.
You struggle against the net.
The gnoll completely misses you.
You struggle against the net.
The gnoll hits you with a +0 flail!
You rip the net and break free!
The gnoll hits you with a +0 flail.
You barely miss the gnoll. The gnoll hits you but does no damage.
You barely miss the gnoll. The gnoll closely misses you.
As you read the scroll of teleportation, it crumbles to dust.
You feel strangely unstable. The gnoll barely misses you.
You hit the gnoll.
The gnoll is lightly wounded.
The gnoll hits you with a +0 flail.
* * * LOW HITPOINT WARNING * * *
The gnoll hits you with a +0 flail!
You die...

#....<.....#.#..#
#########.#.....#
........###..##
#######.#...##
#...### ##..#
#..# ##.########
#R@gg.....
#########.


You could see the friendly Busisiwe the ancestor and 2 gnolls.

Vanquished Creatures
  An adder (D:2)
  A gnoll (D:2)
  A dart slug (D:1)
  2 ball pythons
  5 endoplasms
  3 giant cockroaches
  6 goblins
  4 hobgoblins
  2 jackals (D:1)
  A quokka (D:2)
  4 bats
  A kobold (D:1)
  6 rats
37 creatures vanquished.

Vanquished Creatures (collateral kills)
  A jackal (D:1)
  3 ball pythons
  A bat (D:2)
  A goblin (D:1)
  2 rats
8 creatures vanquished.

Vanquished Creatures (others)
  8 plants (D:1)
8 creatures vanquished.

Grand Total: 53 creatures vanquished

Notes
Turn   | Place    | Note
-------+----------+-------------------------------------------
     0 | D:1      | ImHallYall the Demonspawn Fighter began the quest for the
                  | Orb.
     0 | D:1      | Reached XP level 1. HP: 18/18 MP: 1/1
   226 | D:1      | Found a faded altar of an unknown god.
   230 | D:1      | Gained mutation: You have a pair of small horns on your
                  | head. [demonic ancestry]
   230 | D:1      | Reached XP level 2. HP: 24/24 MP: 2/2
   390 | D:1      | Prayed at the altar of an unknown god.
   390 | D:1      | Became a worshipper of Hepliaklqana the Forgotten
   390 | D:1      | Reached * piety under Hepliaklqana
  1358 | D:1      | Gained mutation: You have a pair of horns on your head.
                  | [demonic ancestry]
  1358 | D:1      | Reached XP level 3. HP: 20/23 MP: 3/3
  1751 | D:2      | Upgraded the game from 0.29.1-1-gd02db6906a to
                  | 0.29.1-15-g9cfb28693d
  2094 | D:2      | Slain by a gnoll

Illustrated notes

Levels and vault maps discovered:
D:1:      dpeg_arrival_simpleton_c, layout_basic,
          dilly_ecumenical_altar_fadedgnrine
D:2:      layout_basic, minmay_tromino_v2

Skill      XL: |  1  2 |
---------------+-------+-----
Armour         | 3 |  3.3
Long Blades    | 2 |  2.5
Fighting       | |  3.3
Dodging        | |  0.9
Shields        | |  2.9

Action                   || total
-------------------------++-------
Melee: Long sword        ||   108
       Headbutt          ||    11
  Use: Scroll            ||     2
Armor: Scale mail        ||    77
Dodge: Dodged            ||    81
Block: Buckler           ||    32
